 Dungeon Crawl Stone Soup version 0.31.0-11-ge490571c62 (webtiles) character file.

Game seed: 8462257181308806902

61 bearlyready the Ruffian (level 4, -2/28 HPs)
             Began as an Octopode Shapeshifter on Feb 7, 2024.
             Slain by an iguana (14 damage)
             ... on level 3 of the Dungeon.
             The game lasted 00:01:42 (1546 turns).

bearlyready the Ruffian (Octopode Shapeshifter)     Turns: 1546, Time: 00:01:43

Health: -2/28      AC:  1    Str: 15    XL:     4   Next: 7%
Magic:  4/4        EV: 13    Int: 12    God:
Gold:   53         SH:  0    Dex: 11    Spells: 3/3 levels left

rFire   . .          .
                       - Unarmed
rCold   . . .        (no shield)
rNeg    . . .        (helmet currently unavailable)
rPois   .            (no amulet)
rElec   .            (no ring)
rCorr   .            (no ring)
SInv    .            (no ring)
Will    .....        (no ring)
Stlth   ++           (no ring)
HPRegen 0.24/turn    (no ring)
MPRegen 0.09/turn    (no ring)
                     (no ring)

%: no passive effects
@: beast-form
A: beast (slay +2), almost no armour, amphibious, 8 rings, camouflage 1,
gelatinous body 1, (nimble swimmer 1), tentacles
a: Begin Untransformation


You were on level 3 of the Dungeon.
You were a hulking beast.
You visited 1 branch of the dungeon, and saw 3 of its levels.

You collected 53 gold pieces.

Inventory:

Missiles
 h - 13 stones (quivered)
 o - 5 poisoned darts
Jewellery
 l - a ring of willpower
Talismans
 b - a beast talisman
 c - a flux talisman
Scrolls
 f - a scroll of identify {unknown}
 n - a scroll of blinking {unknown}
Potions
 a - 3 potions of lignification
 d - 2 potions of brilliance {unknown}
 e - a potion of attraction {unknown}
 g - a potion of curing {unknown}
 j - a potion of experience {unknown}


   Skills:
 - Level 1.0 Fighting
 - Level 2.0 Dodging
 + Level 4.0 Unarmed Combat
 + Level 3.8 Shapeshifting


You had 3 spell levels left.
You didn't know any spells.
Your spell library was empty.

Dungeon Overview and Level Annotations

Branches:
Dungeon (3/15)

Altars:


Innate Abilities, Weirdness & Mutations

You are a hulking beast.
Your limbs bulge with bestial killing power. (Slay +2)
You cannot wear most types of armour.
You are amphibious.
You can wear up to eight rings at the same time.
Your skin changes colour to match your surroundings (Stealth+).
Your rubbery body absorbs attacks. (AC +1, EV +1)
((You are camouflaged when in or above water. (Stealth+)))
You have tentacles for arms and can constrict up to eight enemies at once.


Message History

You constrict the orc, but do no damage.
The orc closely misses you.
You tentacle-slap the orc.
The orc is severely wounded.
You constrict the orc, but do no damage.
The orc closely misses you.
You completely miss the orc.
The orc is severely wounded.
You hear the rusting of a drain nearby.
You constrict the orc.
You kill the orc!
The orc hits you from afar with a +0 trident.
The iguana closely misses you. The orc barely misses you.
Things that are here:
a +0 club; a +0 ring mail You tentacle-slap the iguana.
You grab the iguana. Your squeeze misses the iguana.
The iguana is heavily wounded.
You constrict the iguana, but do no damage.
The iguana bites you. The orc closely misses you.
You are too injured to fight recklessly!
You are too injured to fight recklessly!
You are too injured to fight recklessly!
You are too injured to fight recklessly!
You are too injured to fight recklessly!
You are too injured to fight recklessly!
You are too injured to fight recklessly!
You are too injured to fight recklessly!
You are too injured to fight recklessly!
You are too injured to fight recklessly!
You are too injured to fight recklessly!
You are too injured to fight recklessly!
You are too injured to fight recklessly!
You release your grip on the iguana.
The orc hits you from afar with a +0 trident.
You barely miss the iguana. Your grab misses the iguana.
The iguana is heavily wounded.
The orc closely misses you. The iguana bites you!
Ouch! That really hurt!
You die...

#.#. ##.#. #...#
########## #...# .........
#...# ........# #
#####.... .......o##
#.###......<#
....)..#l###.............#
......o.#h.....###.......#
.......##.###### #####....
....... #.# #...# .
####### #.# #...#
#.####### #.# #...#
.....)gg# #.# ##.##
#.#####.o..# #.# ####.## #
...####.######## #......
...............# #.##.#.


You could see an iguana and an orc.

Vanquished Creatures
  A gnoll (D:3)
  A dart slug (D:2)
  2 ribbon worms (D:2)
  3 orcs (D:3)
  4 endoplasms
  A giant cockroach (D:2)
  3 hobgoblins
  4 jackals (D:1)
  7 kobolds
  3 quokkas
  A ball python (D:2)
  2 bats
  2 frilled lizards
  7 rats
41 creatures vanquished.

Notes
Turn   | Place    | Note
-------+----------+-------------------------------------------
     0 | D:1      | bearlyready the Octopode Shapeshifter began the quest for
                  | the Orb.
     0 | D:1      | Reached XP level 1. HP: 13/13 MP: 1/1
   272 | D:1      | Reached XP level 2. HP: 18/18 MP: 2/2
   939 | D:2      | Reached XP level 3. HP: 23/23 MP: 3/3
  1508 | D:3      | Reached XP level 4. HP: 28/28 MP: 4/4
  1512 | D:3      | Reached skill level 4 in Unarmed Combat
  1546 | D:3      | Slain by an iguana

Illustrated notes

Levels and vault maps discovered:
D:1:      mrwooster_arrival_arrow, layout_basic
D:2:      layout_loops_cross
D:3:      minmay_diamond_boxcup, layout_loops_cross, lightli_sewer_entry_pipes,
          hangedman_decor_slide_cut, st_stairs_4, dk_noncrumbling_2

Skill      XL: |  1  2  3  4 |
---------------+-------------+-----
Unarmed Combat | 4 |  4.0
Fighting       | |  1.0
Dodging        | |  2.0
Shapeshifting  | |  3.8

Action                     |  1- 3 |  4- 6 || total
---------------------------+-------+-------++-------
  Melee: Unarmed           |    72 |     9 ||    81
         Constrict         |    19 |     4 ||    23
         Tentacles         |    11 |       ||    11
         Punch             |     2 |       ||     2
    Use: Scroll            |     4 |       ||     4
   Stab: Sleeping          |    10 |     1 ||    11
 Armour: Skin              |    15 |     4 ||    19
  Dodge: Dodged            |    32 |    11 ||    43
